[Event "MPL 41st IND-ch Teams 2022"]
[Site "Jalgaon"]
[Date "2022.04.11"]
[Round "5.4"]
[White "Raja Rithvik R"]
[Black "Shyaamnikhil P"]
[Result "1/2-1/2"]
[ECO "A33"]
[WhiteElo "2490"]
[BlackElo "2442"]
[Annotator "TA"]
[PlyCount "102"]
[EventDate "2022.04.08"]
[EventType "team-tourn"]
[EventCountry "IND"]
[SourceTitle "playchess.com"]
[Source "ChessBase"]
[SourceQuality "1"]
[TimeControl "5400+30"]

1. c4 c5 2. Nf3 Nc6 3. Nc3 Nf6 4. d4 cxd4 5. Nxd4 e6 6. a3 Bc5 7. Nb3 {[%emt 0:00:00] A33: Symmetrical English: 2 Nf3 Nf6 3 d4 cxd4 4 Nxd4 e6 5 Nc3 Nc6.} Bb6 8. c5 Bc7 9. g3 b6 10. Bg2 {[%emt 0:00:53] [#]} Ba6 $146 ({Predecessor:} 10... O-O 11. O-O bxc5 12. Nxc5 Qe7 13. b4 a5 14. Rb1 axb4 15. axb4 d5 16. Nd3 Ne5 {½-½ (52) Nepomniachtchi,I (2784)-Giri,A (2764) chess24.com INT 2020}) 11. O-O Be5 12. h3 (12. a4 $14) 12... O-O 13. Be3 Rc8 14. Rc1 d5 {[%emt 0:08:04] [#] aiming for ...d4.} 15. cxd6 $1 Bxd6 16. Nd4 Nxd4 17. Bxd4 Rc4 {[%emt 0:03:33][%cal Od6a3] Prevents Qa4.} 18. b3 Rc7 19. b4 Bc4 20. Qa4 Qc8 21. Rfd1 {[%emt 0:12:39] Strongly threatening Bxf6.} Rd8 22. Be3 Be7 (22... Be5 $11 {remains equal.}) 23. Bf4 $16 {[%emt 0:02:22] &Bianco is more active.} Rxd1+ 24. Nxd1 b5 {[%emt 0:01:35] [#]} (24... Qd7 $1 $14 25. Qxd7 Rxd7) 25. Qc2 (25. Qa5 $1 $16 Rd7 26. Ne3) 25... Rd7 $14 26. Ne3 (26. Nb2 {keeps more tension.} Nd5 27. Be5 Qa6 28. Nxc4 bxc4 29. Qxc4 Qxa3 30. Qc6) 26... Nd5 27. Nxd5 exd5 28. Be5 Qa6 29. Qb2 Qg6 30. h4 h5 31. Rd1 Rd8 32. Kh2 f6 33. Bd4 a6 34. Bf3 (34. Bb6 $16 Rd7 35. Bc5) 34... Qf5 35. Bc5 (35. Bb6 $14 Rd7 36. Qd4) 35... Bxc5 $11 36. bxc5 Qe5 37. Qd4 Qxd4 38. Rxd4 {[%emt 0:00:34][%mdl 4096] Endgame Black must now prevent e4. KRB-KRB} Re8 (38... Kf8 $1 $11) 39. e3 $16 ({But not} 39. Bxd5+ Bxd5 40. Rxd5 Rxe2 $11) ({Reject} 39. Bxh5 $6 Rc8 $11) 39... Kf7 40. Bxh5+ (40. Bxd5+ $16 Bxd5 41. Rxd5) 40... g6 $11 41. Bf3 Ke6 42. h5 gxh5 {[%emt 0:00:06] The position is equal.} 43. Bxh5 Rc8 44. Bg4+ f5 45. Bh3 Rxc5 46. Rh4 a5 47. Rh6+ Ke7 (47... Ke5 {is a self mate.} 48. Bg2 f4 49. gxf4+ Kf5 50. Kg3) 48. Rh7+ Kf6 49. Rh6+ $1 Ke7 50. Rh7+ Kf6 51. Rh6+ Ke5 $2 {[%mdl 40960] Weighted Error Value: White=0.11 (very precise) /Black=0.11 (very precise) . An unexpected result.} (51... Kf7 $11) 1/2-1/2

[Event "MPL 41st IND-ch Teams 2022"]
[Site "Jalgaon"]
[Date "2022.04.11"]
[Round "5.5"]
[White "Tarun V Kanth"]
[Black "Krishna C R G"]
[Result "1/2-1/2"]
[ECO "D26"]
[WhiteElo "1908"]
[BlackElo "2466"]
[Annotator "TA"]
[PlyCount "46"]
[EventDate "2022.04.08"]
[EventType "team-tourn"]
[EventCountry "IND"]
[SourceTitle "playchess.com"]
[Source "ChessBase"]
[SourceQuality "1"]
[TimeControl "5400+30"]

1. d4 d5 2. Nf3 c5 3. c4 dxc4 4. e3 e6 5. Bxc4 Nf6 6. O-O Nc6 7. Qe2 cxd4 8. Rd1 Be7 9. exd4 O-O 10. Nc3 {[%emt 0:00:39] 10.a3 is vanishing.} Nb4 11. Bg5 h6 {[%emt 0:00:47] D26: Queen's Gambit Accepted: 4 e3 e6 5 Bxc5 c5 sidelines.} 12. Bh4 a6 13. a4 {[%emt 0:02:25] Inhibits b5.} Bd7 14. d5 exd5 {[%emt 0:11:13] [#]} 15. Bxf6 $146 ({Predecessor:} 15. Nxd5 Nbxd5 16. Bxd5 Nxd5 17. Bxe7 Nxe7 18. Ne5 Nc6 19. Nxd7 Re8 20. Qf3 Qe7 21. Qa3 {1-0 (73) Sorokin,A (2521)-Lenderman,A (2624) Chess.com INT 2020}) 15... Bxf6 16. Nxd5 Nxd5 17. Bxd5 Qb6 18. Nd2 Rad8 {[%emt 0:09:34][%cal Od7a4] [#] And now ...Bxa4! would win.} (18... Bxb2 $2 19. Nc4 Qb4 20. Qxb2 $18) 19. Ne4 Qxb2 ({Of course not} 19... Bxb2 20. Rab1 Bxa4 21. Rd3 $11) 20. Nxf6+ {[%emt 0:01:04] The position is equal.} Qxf6 21. Bxb7 a5 22. h3 Rfe8 23. Qa6 Bxa4 {[%emt 0:19:42] Weighted Error Value: White=0.12 (very precise) /Black=0.12 (very precise)} 1/2-1/2

[Event "MPL 41st IND-ch Teams 2022"]
[Site "Jalgaon"]
[Date "2022.04.11"]
[Round "5.6"]
[White "Das, Sayantan"]
[Black "Sa, Kannan"]
[Result "1-0"]
[ECO "B02"]
[WhiteElo "2459"]
[BlackElo "1930"]
[Annotator "TA"]
[PlyCount "63"]
[EventDate "2022.04.08"]
[EventType "team-tourn"]
[EventCountry "IND"]
[SourceTitle "playchess.com"]
[Source "ChessBase"]
[SourceQuality "1"]
[TimeControl "5400+30"]

1. e4 Nf6 2. e5 Ng8 3. d4 d6 4. exd6 cxd6 5. c4 g6 6. Nf3 {B02: Alekhine's Defence: Chase Variation and lines with early Nc3.} Bg7 7. Be2 Nc6 8. O-O {White is slightly better.} Qb6 {[%cal Rc6d4] [#]} 9. d5 $146 ({Predecessor:} 9. Qa4 Bd7 {0-1 (8) Bergmann,F-Gallinnis,N corr 1982}) 9... Bxb2 $2 10. Bxb2 $18 Qxb2 {[#]} 11. dxc6 $1 {[%cal Od1a4] Black must now prevent Qa4!} Qxa1 12. cxb7 Bxb7 13. Qb3 Qf6 {...Bxf3 is the strong threat.} 14. Qxb7 Rd8 15. Qc6+ Kf8 {[#]} 16. Qc7 $1 e6 17. Qxa7 Kg7 18. Nbd2 Qe7 19. Qe3 ({Much less strong is} 19. Qd4+ e5 20. Qc3 Nf6) 19... Nh6 20. Ne4 d5 21. cxd5 exd5 22. Qc3+ f6 23. Ng3 Ra8 24. Qd2 Nf7 (24... Qd7 {keeps fighting.} 25. Rd1 Rab8) 25. Nd4 Nd6 {Inhibits Ngf5+.} 26. Bf3 {[%cal Be2f3,Bf3d5,Bd5c6,Bc6e8][%mdl 32] Threatens to win with Re1.} Rhe8 27. Bxd5 Rac8 28. Bc6 Nc4 29. Qc3 Nd6 {Inhibits Ndf5+.} 30. Qd2 Nc4 31. Qf4 Qe5 {[#] Inhibits Ngf5+.} 32. Bxe8 $1 {White took control after the opening.  Weighted Error Value: White=0.18 (very precise) /Black=0.43} 1-0

[Event "MPL 41st IND-ch Teams 2022"]
[Site "Jalgaon"]
[Date "2022.04.11"]
[Round "5.7"]
[White "Anup Shankar R"]
[Black "Das, Arghyadip"]
[Result "0-1"]
[ECO "C05"]
[WhiteElo "1862"]
[BlackElo "2471"]
[Annotator "TA"]
[PlyCount "84"]
[EventDate "2022.04.08"]
[EventType "team-tourn"]
[EventCountry "IND"]
[SourceTitle "playchess.com"]
[Source "ChessBase"]
[SourceQuality "1"]
[TimeControl "5400+30"]

1. e4 e6 2. d4 d5 3. Nd2 Nf6 4. e5 Nfd7 5. Bd3 c5 6. c3 b6 7. Qe2 (7. f4 $14) 7... cxd4 $1 {7...cxd4 scores better than 7...Nc6. C06: French Tarrasch: 3...Nf6 4 e5 Nfd7 5 Bd3 main lines.} 8. cxd4 Nc6 $1 9. Ngf3 Nb4 $1 {Black is slightly better.} 10. O-O Nxd3 11. Qxd3 a5 12. Re1 Ba6 13. Qe3 Be7 14. Nf1 Qc7 15. Bd2 Qc2 {[#]} 16. Bc3 $146 ({Predecessor:} 16. b3 Ba3 17. Bc1 Be7 18. Bd2 Ba3 19. Bc1 Be7 20. Bd2 {½-½ (20) Tseshkovsky,V (2570)-Kapengut,A (2465) Ashkhabad 1978}) 16... O-O {&Nero is more active.} 17. Qf4 Bxf1 ({Black should play} 17... h6 $17) 18. Rxf1 a4 19. Rac1 Qd3 20. Rfe1 Rac8 21. Re3 Qg6 22. h4 b5 {Strongly threatening ...b4.} 23. a3 {Prevents b4.} Nb6 24. Nh2 Rc6 25. Rg3 Qh5 26. Ng4 $1 {[#] Black must now prevent Nf6+.} Kh8 $1 27. Rd1 (27. Rh3 $15) 27... Qf5 $17 ({Of course not} 27... Qxh4 $6 28. Bb4 Bxb4 29. Rh3 Qxh3 30. gxh3 $11) 28. Bd2 {This move loses the game for White.} (28. Qc1 $17) 28... Qxf4 $19 (28... Bxh4 29. Qxf5 exf5 30. Rh3 $17) 29. Bxf4 Rc2 ({Stronger than} 29... Bxh4 30. Rh3 Be7 31. Rdd3) 30. b3 b4 ({Worse is} 30... Bxh4 31. Rgd3 $17) 31. axb4 (31. bxa4 $142 Nxa4 32. axb4) 31... a3 32. Ra1 a2 33. Ne3 Rb2 {[#] Threatens to win with ...Rb1+.} 34. Nd1 Rb1 35. Rxa2 Rxd1+ 36. Kh2 {Black is clearly winning.} Rxd4 37. Be3 Rxh4+ 38. Kg1 Rxb4 39. Ra7 Nc8 40. Rc7 Rxb3 41. Rg4 h5 42. Ra4 Ra3 {Weighted Error Value: White=0.29 (precise) /Black=0.05 (flawless)} 0-1

[Event "MPL 41st IND-ch Teams 2022"]
[Site "Jalgaon"]
[Date "2022.04.11"]
[Round "5.8"]
[White "Thejkumar, M. S."]
[Black "Vignesh B"]
[Result "1/2-1/2"]
[ECO "E94"]
[WhiteElo "2433"]
[BlackElo "2249"]
[Annotator "TA"]
[PlyCount "60"]
[EventDate "2022.04.08"]
[EventType "team-tourn"]
[EventCountry "IND"]
[SourceTitle "playchess.com"]
[Source "ChessBase"]
[SourceQuality "1"]
[TimeControl "5400+30"]

1. d4 Nf6 2. Nf3 g6 3. c4 Bg7 4. Nc3 O-O 5. e4 d6 6. Be2 e5 7. O-O exd4 8. Nxd4 Re8 9. f3 c6 10. Kh1 a6 11. Nc2 {E94: King's Indian: Classical: 6 Be2 e5 7 0-0: Various Black 7th moves.} b5 {[#]} 12. a4 $146 (12. Bf4 $14) ({Predecessor:} 12. Bf4 Bf8 13. Qd2 Ra7 14. Rad1 Rd7 15. a4 bxc4 16. Bxc4 a5 17. Nd4 Qb6 18. Bg5 Bg7 {0-1 (40) Maltsevskaya,A (2238)-Obolentseva,A (2346) Loo 2017}) 12... bxc4 $11 13. Bxc4 d5 14. exd5 cxd5 15. Nxd5 Be6 16. Nce3 Nc6 17. Nf4 Bxc4 18. Nxc4 Qc7 19. Bd2 Ne5 20. Nxe5 Qxe5 21. Nd3 Qf5 22. Nf2 Rad8 23. Qc1 Re2 24. Bc3 Rc2 25. Qe1 Re8 (25... Qg5 $2 26. Qe7 Rd5 27. Ng4 Nxg4 28. Qe8+ Bf8 29. fxg4 $18) 26. Qd1 {[#] Black must now prevent g4.} Ree2 $132 {[%mdl 2048] Black is fighting back} 27. Qd8+ Re8 28. Qd1 {g4 is the strong threat.} Ree2 (28... Nd5 29. Bxg7 Kxg7 30. Ne4 $16 (30. g4 Qf4 $11)) 29. Qd8+ (29. Rc1 $5) 29... Re8 30. Qd1 {[#] Hoping for g4.} Re4 $2 {[%mdl 40960] Weighted Error Value: White=0.13 (very precise) /Black=0.06 (flawless) . An unexpected result.} 1/2-1/2

[Event "MPL 41st IND-ch Teams 2022"]
[Site "Jalgaon"]
[Date "2022.04.11"]
[Round "6.1"]
[White "Aravindh, Chithambaram VR."]
[Black "Krishna C R G"]
[Result "1/2-1/2"]
[ECO "D10"]
[WhiteElo "2611"]
[BlackElo "2466"]
[Annotator "TA"]
[PlyCount "35"]
[EventDate "2022.04.08"]
[EventType "team-tourn"]
[EventCountry "IND"]
[SourceTitle "playchess.com"]
[Source "ChessBase"]
[SourceQuality "1"]
[TimeControl "5400+30"]

1. d4 d5 2. c4 c6 3. Nc3 Nf6 4. cxd5 cxd5 5. Bf4 Nc6 6. e3 a6 7. Bd3 Bg4 8. Nge2 e6 9. O-O Be7 10. Rc1 O-O {[%emt 0:01:44] D10: Slav Defence: 3 cxd5 (without early Nf3) and 3 Nc3.} 11. Na4 Nd7 12. f3 Bh5 {[%emt 0:00:48] White has an edge.} 13. Qb3 Ra7 14. a3 Bg6 {[%emt 0:11:47] The position is equal.} 15. Bxg6 hxg6 16. Qd3 Qa5 {[%emt 0:03:02] [#]} 17. Qd1 $146 ({Predecessor:} 17. Nec3 Qd8 18. b4 Nb6 19. Nxb6 Qxb6 20. Bg3 Qd8 21. Bf2 Ra8 22. e4 Qd7 23. e5 {½-½ (58) Costachi,M (2356)-Grinberg,E (2121) Gyor 2014}) 17... Rc8 18. b4 {[%emt 0:03:43] Weighted Error Value: White=0.06 (flawless) /Black=0.04 (flawless)} 1/2-1/2

[Event "MPL 41st IND-ch Teams 2022"]
[Site "Jalgaon"]
[Date "2022.04.11"]
[Round "6.2"]
[White "Das, Sayantan"]
[Black "Puranik, Abhimanyu"]
[Result "1/2-1/2"]
[ECO "C78"]
[WhiteElo "2459"]
[BlackElo "2618"]
[Annotator "TA"]
[PlyCount "133"]
[EventDate "2022.04.08"]
[EventType "team-tourn"]
[EventCountry "IND"]
[SourceTitle "playchess.com"]
[Source "ChessBase"]
[SourceQuality "1"]
[TimeControl "5400+30"]

1. e4 e5 2. Nf3 Nc6 3. Bb5 a6 4. Ba4 Nf6 5. O-O b5 6. Bb3 Bc5 7. c3 d6 8. a4 Bb7 9. d4 Bb6 10. Re1 h6 11. h3 {11.Be3 is the modern continuation.} O-O 12. Be3 {C78: Ruy Lopez: Archangelsk and Möller Defences.} exd4 (12... Nxe4 13. d5 $16) 13. cxd4 Na5 ({Resist} 13... Nxe4 14. d5 Ne5 15. Nxe5 $16) 14. d5 c6 {[#]} 15. Nc3 $146 ({Predecessor:} 15. dxc6 Bxc6 16. axb5 axb5 17. Bxb6 Qxb6 18. Bc2 Nc4 19. Rxa8 Bxa8 20. b4 Rc8 21. Nd4 {½-½ (27) Abdusattorov,N (2608)-Matlakov,M (2716) Khanty-Mansiysk 2019}) 15... b4 {[#]} (15... Nxb3 $11 16. Qxb3 cxd5) 16. dxc6 $1 $14 Bxc6 17. Bxb6 Qxb6 18. Nd5 Bxd5 19. Bxd5 ({Reject} 19. exd5 Rac8 $11) 19... Rac8 20. Nd4 (20. Nh4 $16) 20... Nxd5 (20... g6 $11 {feels stronger.}) 21. exd5 $16 {Threatens to win with Nf5.} Rc4 22. Nf5 Rf4 {[%csl LRf2,LRf5] Prevents Qf3.} 23. Ne7+ $1 Kh8 24. Qd2 ({White should try} 24. Qe2 $16) 24... Rf6 $2 (24... Qd4 $11 {and Black has nothing to worry.} 25. Qxd4 Rxd4) 25. Re4 $18 Nb3 {[#]} 26. Rxb4 $1 Qa5 (26... Nxd2 27. Rxb6) 27. Qc3 ({Not} 27. Nc6 Nxd2 28. Nxa5 Re8 $16) 27... Nxa1 {[#]} 28. Rb8 {[%mdl 576] Prevents Re8. Discovered Attack} Qxc3 29. Rxf8+ Kh7 {( -> ...Qc1+)} 30. bxc3 {[%mdl 4096] Endgame KRN-KRN} Nb3 31. f3 Rf4 32. Rd8 Rxa4 33. Rxd6 a5 34. Ra6 ({White should play} 34. Rb6 $18 Ra1+ 35. Kh2) 34... Ra1+ $16 35. Kh2 Rc1 36. Rc6 a4 37. d6 {And now Nd5 would win.} Rd1 {Inhibits Nd5.} 38. Nc8 {aiming for Rc4.} Rd3 $2 {[#]} (38... Na5 $1 $14 39. Ra6 Nc4) 39. Rc4 $1 $18 a3 {Strongly threatening ...a2.} 40. Ra4 Nc5 41. Rxa3 Ne6 42. Ra6 Rxc3 43. d7 {[%cal Oa6e6] Rxe6! would kill now.} Rd3 (43... Nd8 {was called for.} 44. Rd6 g6) 44. Nd6 $2 (44. Rd6 $18 Rxd6 45. Nxd6) 44... Nd8 $16 45. f4 Kg8 {[#]} (45... h5 $16 46. f5 h4) 46. Kg1 $2 ({Better is} 46. Ra8 $1 $18 Rxd6 47. Rxd8+ Kh7 48. f5) 46... Kf8 $11 47. Kf2 Rd5 48. g4 Rd3 49. h4 Ne6 50. f5 Nd8 51. f6 gxf6 52. Nf5 {[%csl LRf6,LRh6] &Bianco is more active.} Rxd7 53. Rxf6 Ne6 54. Nxh6 Nc5 {White must now prevent ...Ne4+.} 55. Rc6 Nd3+ 56. Ke3 Ne5 57. Rc8+ Kg7 58. Nf5+ Kh7 59. Ke4 (59. Kf4 $16 f6 60. h5) 59... Nxg4 {The position is equal.} 60. Rc6 (60. Kf4 $5 Nh6 61. Rc4 $11) 60... Ra7 61. Kf4 Ra4+ 62. Kg3 Ne5 63. Rh6+ Kg8 64. Ne7+ Kg7 65. Nf5+ Kg8 66. Ne7+ Kg7 67. Nf5+ {Black escapes into a draw.  Weighted Error Value: White=0.25 (precise) /Black=0.22 (precise)} 1/2-1/2

[Event "MPL 41st IND-ch Teams 2022"]
[Site "Jalgaon"]
[Date "2022.04.11"]
[Round "6.3"]
[White "Harsha Bharathakoti"]
[Black "Das, Arghyadip"]
[Result "1/2-1/2"]
[ECO "A28"]
[WhiteElo "2499"]
[BlackElo "2471"]
[Annotator "TA"]
[PlyCount "180"]
[EventDate "2022.04.08"]
[EventType "team-tourn"]
[EventCountry "IND"]
[SourceTitle "playchess.com"]
[Source "ChessBase"]
[SourceQuality "1"]
[TimeControl "5400+30"]

1. c4 e5 2. Nc3 Nf6 3. Nf3 Nc6 4. e3 Bb4 5. Qc2 Bxc3 6. Qxc3 Qe7 7. d4 Ne4 8. Qd3 exd4 9. Nxd4 Nc5 10. Qd1 Nxd4 11. Qxd4 Ne6 12. Qc3 b6 13. b3 Bb7 14. Bb2 Qh4 15. Qc2 Be4 16. Qe2 O-O-O 17. O-O-O Rhe8 18. f3 Bb7 19. e4 f5 20. exf5 Qf4+ 21. Qd2 Qxf5 22. Bd3 Qf7 23. Rhe1 Kb8 24. Bc2 Bc6 25. Kb1 (25. Bxh7 $2 g6 26. Qh6 Nf8 $19) 25... Re7 26. Re3 Rde8 27. Rde1 (27. Bxh7 $2 g6 28. Bxg6 Qxg6+ 29. Ka1 Rh7 $19) 27... Nf8 28. Bc3 Rxe3 29. Rxe3 Rxe3 30. Qxe3 Ne6 31. Kb2 (31. f4 $5 ) 31... g5 (31... g6 $11) 32. Qe5 $14 h5 33. Qf6 Qg8 $1 34. g3 h4 35. gxh4 gxh4 36. Qxh4 Qg2 $1 37. Qg3 Qe2 38. Qe5 Qg2 39. Qg3 Qe2 40. Qe5 Qg2 41. f4 Nc5 42. Qe3 Qxh2 43. f5 Be4 44. Qd2 Qxd2 (44... Qg3 $11) 45. Bxd2 $16 Bxc2 46. Kxc2 Kc8 47. Bf4 d6 48. b4 $1 Ne4 49. Kd3 Nf6 50. Bg5 Ng4 51. Kd4 Kd7 52. b5 Ne5 53. Bf4 Ng4 54. Ke4 Nf2+ 55. Ke3 (55. Kd5 $142 $1) 55... Nd1+ $16 56. Kd4 Nf2 (56... c5+ $1 $14 57. bxc6+ Kxc6) 57. Bg3 Ng4 58. Ke4 Ke8 59. a4 (59. Bf4 $16) 59... Nf6+ $11 60. Kd4 Kd7 61. Bh4 Ng4 $1 62. Bg3 Nf6 63. Be1 Nh5 $2 (63... c5+ $11 64. bxc6+ Kxc6) 64. Ke4 ({White should try} 64. Bh4 $18) 64... Nf6+ $16 65. Kf4 Ke8 66. Bc3 Nh7 67. Bd4 Kd7 {[%emt 0:00:21] [#]} (67... Nf8 $16 {was necessary.} 68. Ke4 Nh7) 68. Bc3 $2 (68. Bf2 $1 $18) 68... c6 $2 (68... Ke8 $11) 69. Kg4 $18 d5 70. cxd5 cxb5 71. Kh5 $2 (71. axb5 $18 {Kh5 would kill now.} Ke7 72. Kh5) 71... b4 $1 $11 (71... bxa4 72. Bg7 (72. Kg6 Nf8+ 73. Kf7 Nh7 $11) 72... b5 73. Kg6 $18) 72. Bg7 Ke8 $2 {[%emt 0:00:17][%mdl 8192] [#]} (72... b3 $11) 73. Kg6 $2 (73. Kh6 $1 {mates} Nf8 74. Bxf8 Kxf8 75. d6 Ke8 76. f6 b3 77. Kg7 Kd7 78. f7) 73... Nf8+ $11 74. Kg5 ({Much weaker is} 74. Bxf8 Kxf8 75. Kf6 b3 $17) 74... Nd7 75. Kg6 Nf8+ 76. Kg5 ({Much worse is} 76. Bxf8 Kxf8 77. Kf6 b3 $17) 76... Nd7 77. Bd4 Kf7 78. Kf4 b3 79. d6 Nc5 80. Ke5 Nd3+ 81. Kd5 b2 82. Bxb2 (82. d7 {feels hotter.} Ke7 83. Bxb2 Nxb2 84. Kc6) 82... Nxb2 83. Kc6 Nc4 (83... Nxa4 84. d7 b5 85. d8=Q Nb6 86. Kxb5 Kg7 87. Qg5+ Kf8 88. Kc6) 84. d7 Ne5+ $1 (84... Ke7 85. Kc7 Kf6 86. d8=Q+ Ke5 87. f6 Ne3 88. Qd6+ Ke4 89. f7) 85. Kc7 Nxd7 $1 86. Kxd7 a6 87. Kc6 b5 $1 88. axb5 axb5 89. Kxb5 Kf6 90. Kc5 Kxf5 1/2-1/2

[Event "MPL 41st IND-ch Teams 2022"]
[Site "Jalgaon"]
[Date "2022.04.11"]
[Round "6.4"]
[White "Laxman, R.R."]
[Black "Sankalp Gupta"]
[Result "1/2-1/2"]
[ECO "D11"]
[WhiteElo "2429"]
[BlackElo "2536"]
[Annotator "TA"]
[PlyCount "43"]
[EventDate "2022.04.08"]
[EventType "team-tourn"]
[EventCountry "IND"]
[SourceTitle "playchess.com"]
[Source "ChessBase"]
[SourceQuality "1"]
[TimeControl "5400+30"]

1. d4 d5 2. Nf3 Nf6 3. c4 c6 4. e3 e6 5. b3 Ne4 6. Bd3 {[%emt 0:02:25] D30: Queen's Gambit Declined: Systems without Nc3.} Bb4+ {[%emt 0:00:28] 6...Bd6 is not played anymore.} 7. Nbd2 Nd7 8. a3 {[%emt 0:02:04] White has an edge.} Bc3 9. Rb1 e5 {[%emt 0:03:43] [#]} 10. cxd5 $146 (10. O-O {with more complications.} Bxd2 11. Bxd2 Nxd2 12. Nxd2 e4 13. Be2) ({Predecessor:} 10. b4 O-O 11. O-O Bxd2 12. Bxd2 Nxd2 13. Qxd2 a6 14. Qc2 g6 15. cxd5 exd4 16. a4 {1-0 (25) Huzman,A (2569)-Mnatsakanian,E (2144) Yerevan 2014}) 10... cxd5 11. O-O Bxd2 {[%emt 0:05:16] The position is equal.} 12. Bxd2 ({But not} 12. Nxd2 Nc3 13. Qg4 O-O 14. dxe5 Nxe5 $15) 12... Nxd2 13. Nxd2 e4 14. Be2 O-O 15. Qc2 Nf6 16. Rfc1 Bd7 17. Qc5 Qb8 18. a4 b6 19. Qa3 a5 20. Bb5 Qe8 21. Be2 Qb8 22. Bb5 {[%emt 0:04:47] An even fight not without its subleties.  Weighted Error Value: White=0.06 (flawless) /Black=0.02 (flawless)} 1/2-1/2

[Event "MPL 41st IND-ch Teams 2022"]
[Site "Jalgaon"]
[Date "2022.04.11"]
[Round "6.5"]
[White "Dony K V"]
[Black "Vignesh B"]
[Result "0-1"]
[ECO "A46"]
[WhiteElo "1633"]
[BlackElo "2249"]
[Annotator "RC"]
[PlyCount "56"]
[EventDate "2022.04.08"]
[EventType "team-tourn"]
[EventCountry "IND"]
[SourceTitle "playchess.com"]
[Source "ChessBase"]
[SourceQuality "1"]
[TimeControl "5400+30"]

1. d4 Nf6 2. Nf3 e6 3. g3 b5 4. Bg2 Bb7 5. O-O c5 6. c3 d5 7. Bg5 Nbd7 8. Ne5 Be7 9. f4 O-O 10. Nd2 Nxe5 11. fxe5 Nd7 12. Bxe7 Qxe7 13. e3 a5 14. Qh5 a4 15. Rf4 a3 16. Rh4 h6 17. b3 f6 18. exf6 Rxf6 19. Rf1 Raf8 20. Rhf4 b4 21. cxb4 cxd4 22. Rxd4 e5 23. Rxd5 Rxf1+ 24. Nxf1 Bxd5 25. Bxd5+ Kh8 26. b5 Nf6 27. Qd1 Rd8 28. e4 Qc5+ 0-1

[Event "MPL 41st IND-ch Teams 2022"]
[Site "Jalgaon"]
[Date "2022.04.11"]
[Round "6.6"]
[White "Deepan Chakkravarthy J."]
[Black "Jithin K"]
[Result "1-0"]
[ECO "C41"]
[WhiteElo "2520"]
[BlackElo "1597"]
[Annotator "TA"]
[PlyCount "59"]
[EventDate "2022.04.08"]
[EventType "team-tourn"]
[EventCountry "IND"]
[SourceTitle "playchess.com"]
[Source "ChessBase"]
[SourceQuality "1"]
[TimeControl "5400+30"]

1. e4 d6 2. d4 e5 3. Nf3 exd4 4. Nxd4 Nf6 5. Nc3 Be7 6. g3 O-O 7. Bg2 {C41: Philidor Defence.} c6 8. O-O Na6 9. h3 {White is slightly better.} Nc5 {[#]} 10. Nb3 $146 ({Predecessor:} 10. Re1 a5 11. Bf4 Re8 12. Qd2 Bf8 13. Rad1 a4 14. a3 h6 15. g4 Qb6 16. Qc1 {½-½ (34) Gokerkan,C (2461)-Livaic,L (2507) Chess.com INT 2020}) 10... Be6 11. Be3 Nxb3 12. axb3 Qc7 13. f4 ({Reject} 13. Rxa7 Rxa7 14. Bxa7 b6 $11) ({But not} 13. Bxa7 $2 b6 14. Bxb6 (14. e5 $2 dxe5 15. Nb5 Qb7 $19) 14... Qxb6 $19) 13... b6 {Black is on the road to losing.} (13... h6 $14) 14. g4 $16 {[%cal Bg3g4,Bg4g5][%mdl 32] Threatens to win with g5.} Rfd8 (14... h6 $16) 15. g5 $18 Ne8 16. f5 Bc8 17. h4 $36 {[%mdl 2048] White is on the roll. 0x0.00264cf1c310dp-1022s more active pieces.} Bf8 18. Qg4 Rb8 (18... b5 $16 19. b4 a5) 19. Qg3 a5 20. Kh2 Ba6 21. Rfe1 (21. Rf2 $18) 21... Bc8 (21... g6 $16 22. f6 Bc8) 22. Bf4 ({White should play} 22. f6 $18) 22... Qd7 (22... g6 $16) 23. Nd1 Bb7 24. Ne3 Ra8 25. Rad1 Qc8 26. Nc4 Qc7 (26... Ra6 {might work better.} 27. g6 f6 28. gxh7+ Kxh7) 27. e5 {[%cal Be4e5,Be5e6,Be6f7][%mdl 32] White is clearly winning.} d5 {[#]} 28. e6 $1 Bd6 (28... Nd6 29. e7) 29. Nxd6 Rxd6 30. exf7+ {Weighted Error Value: White=0.11 (very precise) /Black=0.40} 1-0